[Event "Titled Tuesday Blitz March 07 Early 2023"]
[White "Slade, Theodore"]
[Black "Klabis, Rokas"]
[WhiteFideId "426547"]
[BlackFideId "12805246"]
[WhiteElo "1964"]
[BlackElo "2288"]
[Result "1/2-1/2"]
[Round "03"]
[TimeControl "180+2"]
[Date "2023.03.07"]
[WhiteClock "0:00:17"]
[BlackClock "0:00:28"]

1. d4 Nf6 2. c4 e6 3. g3 Bb4+ 4. Bd2 Qe7 5. Bg2 O-O 6. Nf3 Nc6 7. O-O Bxd2 8. Qxd2 d5 9. Qc2 Rd8 10. Nbd2 dxc4 11. Qxc4 e5 12. dxe5 Nxe5 13. Qc2 c6 14. Nxe5 Qxe5 15. Nf3 Qh5 16. Rfd1 Be6 17. a3 h6 18. Rd4 Bd5 19. Rad1 Re8 20. b4 Re4 21. a4 Rae8 22. Rxe4 Bxe4 23. Qd2 Bd5 24. Nd4 Ng4 25. h3 Nf6 26. Bxd5 Nxd5 27. Kg2 Nb6 28. a5 Nc4 29. Qc2 Ne5 30. Qf5 Qg6 31. Qxg6 Nxg6 32. Nf5 Re5 33. Rd8+ Kh7 34. Nd4 c5 35. bxc5 Rxc5 36. Rd7 Rxa5 37. Rxb7 Kg8 38. Nc6 Ra2 39. Ne7+ Nxe7 40. Rxe7 a5 41. e3 a4 42. Ra7 g6 43. g4 Kg7 44. Kf3 Kf6 45. Ra5 a3 46. h4 Ra1 47. h5 gxh5 48. Rxh5 Kg6 49. Ra5 a2 50. Kf4 f6 51. Ra6 Kf7 52. f3 Ke7 53. e4 Kd7 54. Kf5 Rf1 55. Rxa2 Rxf3+ 56. Kg6 Rf4 57. Ra6 Ke7 58. Ra7+ Ke6 59. Ra6+ Ke5 60. Ra5+ Kxe4 61. Kxh6 Rxg4 62. Kh5 Rg1 63. Ra4+ Ke5 64. Ra5+ Ke6 65. Ra6+ Kf7 66. Ra7+ Kg8 67. Ra8+ Kh7 68. Ra7+ Rg7 69. Rxg7+ Kxg7 70. Kg4 Kg6 71. Kf4 f5 72. Kf3 Kf6 73. Kf4 Ke6 74. Kf3 Ke5 75. Ke3 f4+ 76. Kf3 Kf5 77. Kf2 Ke4 78. Ke2 Kd4 79. Kf3 Ke5 80. Kf2 Ke4 81. Ke2 f3+ 82. Kf2 Kf4 83. Kf1 Ke3 84. Ke1 Ke4 85. Kf2 Kf4 86. Kf1 Kg4 87. Kf2 Kf4 1/2-1/2


[Site "https://www.chess.com"]

[Event "Titled Tuesday Blitz March 07 Early 2023"]
[White "Kucuksari, Kaan"]
[Black "Jovic, Stanoje"]
[WhiteFideId "6380166"]
[BlackFideId "905020"]
[WhiteElo "2364"]
[BlackElo "2236"]
[Result "1-0"]
[Round "03"]
[TimeControl "180+2"]
[Date "2023.03.07"]
[WhiteClock "0:00:45"]
[BlackClock "0:00:17"]

1. d4 Nf6 2. Bg5 c5 3. Nc3 Qb6 4. d5 Qxb2 5. Bd2 Qb6 6. e4 e5 7. f4 d6 8. fxe5 dxe5 9. Nf3 Bg4 10. Rb1 Qc7 11. Be2 a6 12. a4 c4 13. O-O Bc5+ 14. Kh1 O-O 15. Nh4 Bxe2 16. Qxe2 Nfd7 17. Nf5 g6 18. Nh6+ Kg7 19. Qxc4 Nb6 20. Qd3 Bd4 21. Ne2 Bc5 22. Ng3 N8d7 23. a5 Nc8 24. Nh5+ gxh5 25. Qg3+ Kh8 26. Rxf7 Re8 27. Qg7# 1-0


[Site "https://www.chess.com"]

[Event "Titled Tuesday Blitz March 07 Early 2023"]
[White "Pourramezanali, Amirreza"]
[Black "Garrido, Denis"]
[WhiteFideId "12511412"]
[BlackFideId "601217"]
[WhiteElo "2382"]
[BlackElo "2233"]
[Result "1-0"]
[Round "03"]
[TimeControl "180+2"]
[Date "2023.03.07"]
[WhiteClock "0:00:23"]
[BlackClock "0:00:55"]

1. e4 c5 2. Nf3 d6 3. d4 cxd4 4. Nxd4 Nf6 5. Nc3 Nc6 6. Bc4 Qb6 7. Nb3 e6 8. Qe2 Be7 9. Be3 Qc7 10. O-O-O a6 11. g4 Ne5 12. Bd3 Nfxg4 13. Bd4 b5 14. f4 Nxd3+ 15. Rxd3 b4 16. Qxg4 bxc3 17. Rxc3 Qb7 18. Qxg7 Rf8 19. Re1 a5 20. e5 a4 21. exd6 Bxd6 22. Nc5 Bxf4+ 23. Kb1 Qe7 24. Bf6 Qa7 25. Rd3 Ba6 26. Nxe6 Bxd3 27. Qxf8+ Kd7 28. Qxf7+ 1-0


[Site "https://www.chess.com"]

[Event "Titled Tuesday Blitz March 07 Early 2023"]
[White "Dubov, Daniil"]
[Black "Valgmae, Toomas"]
[WhiteFideId "24126055"]
[BlackFideId "4502523"]
[WhiteElo "2802"]
[BlackElo "2170"]
[Result "1-0"]
[Round "03"]
[TimeControl "180+2"]
[Date "2023.03.07"]
[WhiteClock "0:01:12"]
[BlackClock "0:00:57"]

1. Nf3 d5 2. g3 c6 3. Bg2 Nf6 4. O-O Bg4 5. d4 e6 6. c4 Nbd7 7. Ne5 Nxe5 8. dxe5 Nd7 9. h3 Bh5 10. cxd5 cxd5 11. f4 Bc5+ 12. Kh2 O-O 13. Nc3 Rc8 14. g4 Bg6 15. f5 exf5 16. gxf5 Bh5 17. Bf4 d4 18. Ne4 Bb6 19. Ng3 Qh4 20. Qd2 h6 21. Bxb7 Rce8 22. Nxh5 Qxh5 23. Bf3 Qxf5 24. Bg4 Qe4 25. Bxd7 Re7 26. Bg4 Bc7 27. Qd3 Qd5 28. Bf3 Qa5 29. Qxd4 Rxe5 30. b4 Qb5 31. a4 Rxe2+ 32. Bxe2 Qxe2+ 33. Rf2 1-0


[Site "https://www.chess.com"]

[Event "Titled Tuesday Blitz March 07 Early 2023"]
[White "Bok, Benjamin"]
[Black "Ezat, Mohamed"]
[WhiteFideId "1017063"]
[BlackFideId "10600906"]
[WhiteElo "2658"]
[BlackElo "2386"]
[Result "1-0"]
[Round "03"]
[TimeControl "180+2"]
[Date "2023.03.07"]
[WhiteClock "0:00:10"]
[BlackClock "0:00:08"]

1. d4 Nf6 2. c4 g6 3. g3 Bg7 4. Bg2 O-O 5. Nc3 d6 6. Nf3 Nc6 7. O-O Bg4 8. Be3 Bxf3 9. Bxf3 Nd7 10. Rc1 e5 11. Bxc6 bxc6 12. Qd2 f5 13. dxe5 Nxe5 14. b3 Qe8 15. Bh6 Qe7 16. Bxg7 Qxg7 17. Kg2 f4 18. gxf4 Qh6 19. e3 Qh5 20. f3 Nf7 21. Ne4 Nh6 22. Ng3 Qh4 23. b4 Rae8 24. c5 Nf5 25. Nxf5 Rxf5 26. cxd6 Rh5 27. Kh1 cxd6 28. Qf2 Qh3 29. Rfe1 c5 30. bxc5 dxc5 31. e4 Rh4 32. Qg2 Qd7 33. f5 Kh8 34. fxg6 hxg6 35. Qxg6 Rg8 36. Qf6+ Kh7 37. Qxh4+ 1-0


[Site "https://www.chess.com"]

[Event "Titled Tuesday Blitz March 07 Early 2023"]
[White "Terry, Renato"]
[Black "Kozin, Yuri"]
[WhiteFideId "3803457"]
[BlackFideId "4129920"]
[WhiteElo "2579"]
[BlackElo "2509"]
[Result "1-0"]
[Round "03"]
[TimeControl "180+2"]
[Date "2023.03.07"]
[WhiteClock "0:01:16"]
[BlackClock "0:00:08"]

1. e4 c5 2. Nf3 e6 3. Nc3 d6 4. g4 a6 5. a4 e5 6. Rg1 Nc6 7. Bc4 Be7 8. g5 Be6 9. Nd5 Bf8 10. c3 Nge7 11. d4 cxd4 12. cxd4 exd4 13. Nxd4 Bxd5 14. exd5 Ne5 15. Bb3 Qb6 16. Be3 Qb4+ 17. Kf1 N7g6 18. a5 Nc4 19. Rg3 Be7 20. Ra4 Nxe3+ 21. Rxe3 Qc5 22. Nf5 Qc7 23. Rae4 O-O 24. Rxe7 Qxa5 25. Qh5 Qa1+ 26. Bd1 Rac8 27. Rh3 h6 28. gxh6 Rc1 29. Re1 Nf4 30. hxg7 Nxh5 31. Rxh5 Rxd1 1-0


[Site "https://www.chess.com"]

[Event "Titled Tuesday Blitz March 07 Early 2023"]
[White "Gholami Orimi, Mahdi"]
[Black "UNSTOPPABLE_LEGEND"]
[WhiteFideId "12558486"]
[WhiteElo "2363"]
[BlackElo "2508"]
[Result "1-0"]
[Round "03"]
[TimeControl "180+2"]
[Date "2023.03.07"]
[WhiteClock "0:01:10"]
[BlackClock "0:00:01"]

1. d4 Nf6 2. c4 e6 3. Nc3 Bb4 4. f3 c5 5. d5 b5 6. e4 d6 7. Bd2 a6 8. a3 Ba5 9. dxe6 Bxe6 10. cxb5 O-O 11. Nge2 axb5 12. Nxb5 Nc6 13. Nf4 d5 14. exd5 Bxd5 15. Be2 Bb3 16. Qc1 c4 17. Bxa5 Qxa5+ 18. Nc3 Nd4 19. O-O Nc2 20. Rb1 Rfe8 21. Rf2 Rad8 22. Bxc4 Bxc4 23. Qxc2 g5 24. Ne4 Nxe4 25. fxe4 Ba2 26. Ra1 Rc8 27. Qd1 Bc4 28. Nh5 1-0


[Site "https://www.chess.com"]

[Event "Titled Tuesday Blitz March 07 Early 2023"]
[White "Vokhidov, Shamsiddin"]
[Black "Erzhanov, Arman"]
[WhiteFideId "14204223"]
[BlackFideId "4138821"]
[WhiteElo "2570"]
[BlackElo "2138"]
[Result "1-0"]
[Round "03"]
[TimeControl "180+2"]
[Date "2023.03.07"]
[WhiteClock "0:02:00"]
[BlackClock "0:00:09"]

1. e4 d6 2. Nc3 Nf6 3. d4 e5 4. dxe5 dxe5 5. Qxd8+ Kxd8 6. Bc4 Bb4 7. Bxf7 Rf8 8. Bb3 Nxe4 9. Ne2 Nxc3 10. Nxc3 Nc6 11. Bg5+ Ke8 12. O-O-O h6 13. Be3 Bg4 14. f3 Bf5 15. Nd5 Bd6 16. Rhe1 Rd8 17. Ba4 Bd7 18. Bf2 Kf7 19. Bg3 Rfe8 20. Rd2 Nd4 21. Bxd7 Rxd7 22. c3 Nf5 23. Bf2 c6 24. Ne3 Nxe3 25. Bxe3 Red8 26. Bxa7 Ra8 27. Bc5 Ke6 28. Bxd6 Rxd6 29. Rxd6+ Kxd6 30. a3 Ra4 31. Re4 Ra8 32. Kc2 Ke6 33. a4 g5 34. h4 Kf5 35. g4+ Kf6 36. hxg5+ hxg5 37. Rb4 Ra7 38. Kd3 Ke6 39. Ke4 Ra5 40. b3 b5 41. c4 bxc4 42. Rxc4 Kd6 43. Kf5 Rd5 44. Rc3 e4+ 45. Kxe4 Re5+ 46. Kd4 Rd5+ 47. Ke3 c5 48. Rd3 Ke5 49. Rxd5+ Kxd5 50. f4 gxf4+ 51. Kxf4 Kd4 52. g5 Kc3 53. g6 Kxb3 54. g7 c4 55. g8=Q Kb2 56. Qxc4 1-0


[Site "https://www.chess.com"]

[Event "Titled Tuesday Blitz March 07 Early 2023"]
[White "Ramirez Allo, Eduardo"]
[Black "Ozen, Bahadir"]
[WhiteFideId "2224178"]
[BlackFideId "6337058"]
[WhiteElo "2501"]
[BlackElo "2503"]
[Result "1/2-1/2"]
[Round "03"]
[TimeControl "180+2"]
[Date "2023.03.07"]
[WhiteClock "0:00:23"]
[BlackClock "0:00:26"]

1. d4 Nf6 2. c4 e6 3. Nf3 d5 4. g3 Bb4+ 5. Bd2 Be7 6. Bg2 O-O 7. O-O c6 8. Qc2 b6 9. Bf4 Bb7 10. Nbd2 Nbd7 11. e4 dxc4 12. Nxc4 c5 13. Nfe5 cxd4 14. Rfd1 Nc5 15. Be3 d3 16. Nxd3 Nxd3 17. Rxd3 Qc8 18. Bg5 b5 19. Ne3 Qxc2 20. Nxc2 h6 21. Bxf6 Bxf6 22. Nd4 Rad8 23. Rad1 a6 24. e5 Bxg2 25. exf6 Bd5 26. fxg7 Kxg7 27. Nf5+ exf5 28. Rxd5 Rxd5 29. Rxd5 Rc8 30. Rd2 f4 31. g4 f3 32. h3 h5 33. Kh2 hxg4 34. hxg4 Re8 35. Kg3 Re2 36. Rd6 Rxb2 37. Rxa6 b4 38. Kxf3 b3 39. axb3 Rxb3+ 40. Kf4 Rb4+ 41. Kg3 Rb3+ 42. f3 Rc3 43. g5 Rc1 44. Kg4 Rc4+ 45. f4 Rb4 46. Kf5 Rb5+ 47. Kg4 Rb4 48. Rc6 Ra4 49. Rb6 Rc4 50. Rd6 Rb4 51. Rc6 Ra4 52. Kf5 Ra5+ 53. Kg4 Ra4 1/2-1/2


[Site "https://www.chess.com"]

[Event "Titled Tuesday Blitz March 07 Early 2023"]
[White "Baches Garcia, Guillermo"]
[Black "Galchenko, Matvey"]
[WhiteFideId "2209764"]
[BlackFideId "24175480"]
[WhiteElo "2501"]
[BlackElo "2404"]
[Result "1-0"]
[Round "03"]
[TimeControl "180+2"]
[Date "2023.03.07"]
[WhiteClock "0:01:18"]
[BlackClock "0:00:01"]

1. e4 e6 2. d4 d5 3. exd5 exd5 4. Nf3 Nf6 5. Bd3 c5 6. O-O Nc6 7. Re1+ Be7 8. dxc5 O-O 9. Be3 Ng4 10. Qd2 Nxe3 11. Qxe3 Bf6 12. c3 Bg4 13. Nbd2 Qd7 14. h3 Bh5 15. Qf4 Bg6 16. Bxg6 hxg6 17. Rad1 Rad8 18. Ne4 Be7 19. Neg5 Bxg5 20. Nxg5 f6 21. Ne6 Rfe8 22. Nxd8 Rxd8 23. Qg4 Kf7 24. Qxd7+ Rxd7 25. f4 d4 26. cxd4 Nxd4 27. Kf2 Rd5 28. Rd3 Kf8 29. Red1 1-0


[Site "https://www.chess.com"]

[Event "Titled Tuesday Blitz March 07 Early 2023"]
[White "TimGrutter03"]
[Black "Yeletsky, Ivan"]
[BlackFideId "24180327"]
[WhiteElo "2500"]
[BlackElo "2414"]
[Result "0-1"]
[Round "03"]
[TimeControl "180+2"]
[Date "2023.03.07"]
[WhiteClock "0:00:01"]
[BlackClock "0:00:03"]

1. e4 Nc6 2. Nf3 d6 3. Bb5 Nf6 4. Nc3 a6 5. Ba4 Bg4 6. h3 Bh5 7. Bxc6+ bxc6 8. d4 e6 9. O-O d5 10. e5 Nd7 11. g4 Bg6 12. Ne2 c5 13. c3 h5 14. g5 h4 15. Nf4 Bf5 16. Kh2 g6 17. Qe2 a5 18. Rg1 c6 19. dxc5 Bxc5 20. Nd4 Bxd4 21. cxd4 Qb6 22. Be3 Qb5 23. Qxb5 cxb5 24. Rac1 Ke7 25. Bd2 b4 26. Rc6 Rhc8 27. Rgc1 Rxc6 28. Rxc6 Be4 29. Ng2 Bd3 30. Nxh4 Bb5 31. Rc7 Kd8 32. Rc1 Nb6 33. b3 Nc8 34. Rc5 Bd7 35. Nf3 Na7 36. Ne1 Nb5 37. Nc2 Ke7 38. Kg3 Ke8 39. h4 a4 40. Bxb4 axb3 41. axb3 Ra2 42. f4 Rb2 43. Ba5 Rxb3+ 44. Kg2 Rd3 45. Bb6 Rd2+ 46. Kg3 Kf8 47. Ba7 Rd3+ 48. Kg2 Kg7 49. Bb6 Nxd4 50. Nxd4 Rxd4 51. Rc7 Rd2+ 52. Kf3 Bb5 53. Bc5 d4 54. Be7 Rd3+ 55. Ke4 Rc3 56. Rxc3 dxc3 57. Bb4 c2 58. Bd2 Kf8 59. Bc1 Ke7 60. Kd4 Kd7 61. Kc5 Bd3 62. Bb2 Bf5 63. Bc1 Kc7 64. Bb2 Kb7 65. Bc1 Ka6 66. Bd2 Be4 67. Kd6 Kb5 68. Ke7 Kc4 69. Kxf7 Bf5 70. Kf6 Kd3 71. Bc1 Ke2 72. h5 gxh5 73. g6 h4 74. g7 Bh7 75. Kxe6 h3 76. f5 h2 77. f6 h1=Q 78. f7 Qc6+ 79. Ke7 Qc7+ 80. Kf6 Qd8+ 81. Ke6 Bg8 82. fxg8=Q Qxg8+ 83. Kf6 Kd3 84. e6 Ke4 85. e7 Kd5 86. Ba3 Qe8 0-1


[Site "https://www.chess.com"]

[Event "Titled Tuesday Blitz March 07 Early 2023"]
[White "Bharath Subramaniyam H"]
[Black "Karas, Marek"]
[WhiteFideId "46634827"]
[BlackFideId "14928558"]
[WhiteElo "2395"]
[BlackElo "2233"]
[Result "1-0"]
[Round "03"]
[TimeControl "180+2"]
[Date "2023.03.07"]
[WhiteClock "0:00:22"]
[BlackClock "0:00:02"]

1. d4 Nf6 2. Nf3 e6 3. Bf4 d5 4. c3 c5 5. e3 Bd6 6. Nbd2 O-O 7. Bg3 Qc7 8. dxc5 Qxc5 9. Bd3 Nbd7 10. Qe2 b6 11. Nd4 Bxg3 12. hxg3 g6 13. g4 e5 14. N4b3 Qe7 15. g5 Ne8 16. f4 exf4 17. exf4 Qxe2+ 18. Bxe2 Nd6 19. O-O-O Bb7 20. Rh2 Rfd8 21. Rdh1 Nf8 22. Nd4 Rac8 23. N2f3 Ne4 24. Ne5 Ng3 25. Re1 Re8 26. Bd3 Ne4 27. Ng4 Kg7 28. f5 Nxg5 29. f6+ Kh8 30. Re7 Rxe7 31. fxe7 Nd7 32. Bb5 Nc5 33. e8=Q+ Rxe8 34. Bxe8 Kg7 35. Bb5 h5 36. Ne3 Nce4 37. Be2 1-0


[Site "https://www.chess.com"]

[Event "Titled Tuesday Blitz March 07 Early 2023"]
[White "Womacka, Mathias"]
[Black "Movahed, Sina"]
[WhiteFideId "4611390"]
[BlackFideId "42520835"]
[WhiteElo "2377"]
[BlackElo "2225"]
[Result "0-1"]
[Round "03"]
[TimeControl "180+2"]
[Date "2023.03.07"]
[WhiteClock "0:00:14"]
[BlackClock "0:00:57"]

1. e4 c5 2. Nf3 d6 3. d4 cxd4 4. Nxd4 Nf6 5. Nc3 a6 6. Be2 e5 7. Nb3 Be7 8. O-O O-O 9. Kh1 b5 10. a4 b4 11. Nd5 Nxd5 12. Qxd5 Ra7 13. Be3 Rd7 14. Bc4 Kh8 15. a5 Bb7 16. Qd3 f5 17. f3 d5 18. exd5 Bxd5 19. Bxd5 Rxd5 20. Qc4 Qd7 21. Qe2 Qe6 22. Rad1 Rb5 23. Bb6 Nc6 24. Qd3 h5 25. Qd7 Rf6 26. Qe8+ Kh7 27. Qxh5+ Rh6 28. Qe8 e4 29. Qd7 Re5 30. Qxe6 Rhxe6 31. fxe4 fxe4 32. Be3 Bf6 33. Nc5 Re7 34. Nxa6 Rxa5 35. Nc5 Bxb2 36. Rd6 Ne5 37. h3 Nc4 38. Bg1 Nxd6 39. Nb3 Rd5 0-1


[Site "https://www.chess.com"]

[Event "Titled Tuesday Blitz March 07 Early 2023"]
[White "Rakhmatullaev, Almas"]
[Black "Buksa, Nataliya"]
[WhiteFideId "14205793"]
[BlackFideId "14123622"]
[WhiteElo "2221"]
[BlackElo "2316"]
[Result "1-0"]
[Round "03"]
[TimeControl "180+2"]
[Date "2023.03.07"]
[WhiteClock "0:00:31"]
[BlackClock "0:00:05"]

1. e4 c5 2. c3 Nf6 3. e5 Nd5 4. d4 cxd4 5. Qxd4 e6 6. Nf3 Nc6 7. Qe4 f5 8. Qe2 Be7 9. g3 O-O 10. Bg2 b6 11. O-O a5 12. Rd1 Ba6 13. c4 Nc7 14. Nc3 Qe8 15. Nb5 Bxb5 16. cxb5 Nb4 17. Be3 Nbd5 18. Rac1 Rc8 19. Bd4 Qg6 20. a4 h6 21. Nd2 Bg5 22. f4 Bxf4 23. gxf4 Nxf4 24. Qf3 Ncd5 25. Nc4 Qg5 26. b3 Qh4 27. Bf2 Qg5 28. Kh1 Nxg2 29. Qxg2 Qf4 30. Rg1 g5 31. Rcd1 Rxc4 32. bxc4 Qxc4 33. Rd4 Qc3 34. Rxd5 exd5 35. Qxd5+ Kh8 36. e6 dxe6 37. Bd4+ Kh7 38. Qd7+ Kg6 39. Qxe6+ 1-0


[Site "https://www.chess.com"]

[Event "Titled Tuesday Blitz March 07 Early 2023"]
[White "Bernat, David"]
[Black "Harsh Suresh"]
[WhiteFideId "2099225"]
[BlackFideId "45018464"]
[WhiteElo "2489"]
[BlackElo "2227"]
[Result "0-1"]
[Round "03"]
[TimeControl "180+2"]
[Date "2023.03.07"]
[WhiteClock "0:00:16"]
[BlackClock "0:00:25"]

1. c4 g6 2. Nc3 Bg7 3. g3 h5 4. h3 c5 5. Bg2 Nc6 6. d3 d6 7. e4 Bd7 8. Nge2 Qc8 9. Be3 Nf6 10. d4 cxd4 11. Nxd4 Nxd4 12. Bxd4 Qxc4 13. e5 dxe5 14. Bxe5 Bc6 15. Bxc6+ Qxc6 16. O-O O-O 17. Rc1 Qe6 18. Re1 Qxh3 19. Bxf6 exf6 20. Nd5 Rad8 21. Qb3 Rd7 22. Nf4 Qf5 23. Rcd1 Rfd8 24. Rxd7 Rxd7 25. Qe3 Bh6 26. Qe8+ Kh7 27. Ng2 Qd5 28. Nf4 Bxf4 29. gxf4 Kg7 30. Qe3 Qxa2 31. Rc1 Qe6 32. Qxa7 Qg4+ 33. Kf1 Qxf4 34. Re1 Qf3 35. Qe3 Qxe3 36. Rxe3 f5 37. Kg2 Kf6 38. Rb3 Ke5 39. Kg3 g5 40. Rb5+ Kf6 41. Rb6+ Kg7 42. Rb5 Kg6 43. Rb6+ f6 44. b4 h4+ 45. Kg2 g4 46. Kh2 Kg5 47. Kg2 Rd2 48. Rxb7 g3 49. b5 Rxf2+ 50. Kg1 Rb2 51. b6 h3 52. Kf1 h2 53. Rh7 g2+ 54. Ke1 g1=Q# 0-1


[Site "https://www.chess.com"]

[Event "Titled Tuesday Blitz March 07 Early 2023"]
[White "Khamdamova, Afruza"]
[Black "polandchessplayer"]
[WhiteFideId "14210444"]
[WhiteElo "2210"]
[BlackElo "2774"]
[Result "0-1"]
[Round "03"]
[TimeControl "180+2"]
[Date "2023.03.07"]
[WhiteClock "0:00:02"]
[BlackClock "0:00:09"]

1. e4 c6 2. Nf3 d5 3. exd5 cxd5 4. d4 Nf6 5. Bd3 Nc6 6. c3 g6 7. O-O Bg7 8. Bf4 O-O 9. Re1 Bf5 10. Bxf5 gxf5 11. Nbd2 Ne4 12. Ne5 Nxe5 13. Bxe5 e6 14. Nxe4 fxe4 15. Qg4 f6 16. Qxe6+ Kh8 17. Bf4 f5 18. Be5 Rc8 19. Re3 f4 20. Rh3 Rc6 21. Bxg7+ Kxg7 22. Qe5+ Rff6 23. Rh5 Rd6 24. Qg5+ Kh8 25. Qh4 Qe7 26. Re5 Qf7 27. Re1 Rd8 28. Rh5 Rf8 29. Qg5 Rg8 30. Qxd5 Qg7 31. g3 e3 32. Re2 exf2+ 33. Rxf2 fxg3 34. Rg2 Qg4 35. Rxg3 Qd1+ 36. Kg2 Qf1# 0-1


[Site "https://www.chess.com"]

[Event "Titled Tuesday Blitz March 07 Early 2023"]
[White "Yosha_Iglesias"]
[Black "Fier, Alexandr"]
[BlackFideId "2107139"]
[WhiteElo "2482"]
[BlackElo "2610"]
[Result "0-1"]
[Round "03"]
[TimeControl "180+2"]
[Date "2023.03.07"]
[WhiteClock "0:00:01"]
[BlackClock "0:00:11"]

1. d4 Nf6 2. Nf3 e6 3. e3 b6 4. Bd3 Bb7 5. O-O h6 6. c4 g5 7. Nc3 g4 8. Nd2 h5 9. e4 c5 10. d5 e5 11. f4 d6 12. fxe5 dxe5 13. Bc2 Nbd7 14. Ba4 Bd6 15. Nb3 Rg8 16. Nb5 Qe7 17. Nxd6+ Qxd6 18. Rf5 O-O-O 19. Qf1 Nxe4 20. Rxf7 Ndf6 21. Nd2 Rdf8 22. Rxf8+ Rxf8 23. Qe2 Ng5 24. Nf1 Nf7 25. Ng3 Qd8 26. Bc2 Nd6 27. Bh6 Re8 28. Rf1 Ng8 29. Bg7 Qe7 30. Bh8 Nf7 31. Bg7 Ng5 32. Nf5 Qd7 33. Bh6 Nf7 34. Be3 Kb8 35. Ng7 Rc8 36. Ne6 Nd6 37. Bf5 Nxf5 38. Rxf5 b5 39. Qf1 bxc4 40. Rf7 Qxd5 41. Ng7 c3 42. bxc3 Qe4 43. Bf2 h4 44. Bxh4 Nh6 45. Bg3 Nxf7 0-1


[Site "https://www.chess.com"]

[Event "Titled Tuesday Blitz March 07 Early 2023"]
[White "Ronka, Erik"]
[Black "Hambleton, Aman"]
[WhiteFideId "505080"]
[BlackFideId "2606577"]
[WhiteElo "2264"]
[BlackElo "2511"]
[Result "1-0"]
[Round "03"]
[TimeControl "180+2"]
[Date "2023.03.07"]
[WhiteClock "0:00:04"]
[BlackClock "0:00:01"]

1. e4 c5 2. Nf3 e6 3. d4 cxd4 4. Nxd4 Nc6 5. Nc3 Qc7 6. Be3 a6 7. Qd2 Nf6 8. O-O-O Be7 9. f3 h5 10. Nxc6 dxc6 11. Qf2 c5 12. h3 b5 13. Kb1 Bb7 14. Rg1 h4 15. g3 hxg3 16. Rxg3 g6 17. Bg5 Rc8 18. Re1 Nh5 19. Rg1 Qe5 20. f4 Qd4 21. Qf3 Bxg5 22. Rxg5 Qd6 23. Qe3 Qxf4 24. Qg1 Ke7 25. a3 c4 26. e5 Rhd8 27. Rg4 Qf5 28. Qb6 Rd7 29. a4 Nf4 30. axb5 axb5 31. Nxb5 Bd5 32. Nd6 Rxd6 33. exd6+ Kd7 34. Qe3 g5 35. Rd1 Kxd6 36. Rg1 Ke7 37. h4 Be4 38. Rd2 gxh4 39. Kc1 Bd5 40. Rf2 e5 41. Bh3 Qxh3 42. Qxe5+ Ne6 43. Qxd5 1-0


[Site "https://www.chess.com"]

[Event "Titled Tuesday Blitz March 07 Early 2023"]
[White "Lortkipanidze, Nodar"]
[Black "Goltseva, Ekaterina"]
[WhiteFideId "13604058"]
[BlackFideId "24173770"]
[WhiteElo "2336"]
[BlackElo "2200"]
[Result "1-0"]
[Round "03"]
[TimeControl "180+2"]
[Date "2023.03.07"]
[WhiteClock "0:01:38"]
[BlackClock "0:00:02"]

1. e4 e5 2. Nf3 Nf6 3. d4 exd4 4. e5 Ne4 5. Qxd4 d5 6. exd6 Nxd6 7. Bg5 f6 8. Bf4 Nc6 9. Qd2 Bg4 10. Nc3 Qe7+ 11. Be3 O-O-O 12. Nd5 Qf7 13. O-O-O Ne4 14. Qd3 Bf5 15. Qc4 Be6 16. Qxe4 Bxd5 17. Qa4 Bd6 18. Bb5 a6 19. Be2 Rhe8 20. Nd4 Nxd4 21. Qxd4 Bxg2 22. Rhg1 Qxa2 23. Bg4+ Rd7 24. Bxd7+ Kxd7 25. Rxg2 Re5 26. Rxg7+ Ke8 27. c3 Qa1+ 28. Kc2 Qa2 29. Rdg1 Rb5 30. Rg8+ Kd7 31. R1g7+ Ke6 32. Re8+ 1-0


[Site "https://www.chess.com"]

[Event "Titled Tuesday Blitz March 07 Early 2023"]
[White "Mirzoev, Azer"]
[Black "Eynullayev, Atilla"]
[WhiteFideId "13400304"]
[BlackFideId "13413570"]
[WhiteElo "2525"]
[BlackElo "2181"]
[Result "1-0"]
[Round "03"]
[TimeControl "180+2"]
[Date "2023.03.07"]
[WhiteClock "0:00:35"]
[BlackClock "0:00:04"]

1. d4 Nf6 2. c4 e6 3. Nc3 Bb4 4. Qc2 O-O 5. a3 Bxc3+ 6. Qxc3 b6 7. Bg5 Bb7 8. e3 d6 9. f3 Nbd7 10. Nh3 c5 11. Rd1 h6 12. Bf4 Ne8 13. Bg3 Rc8 14. Be2 Qf6 15. O-O d5 16. cxd5 cxd4 17. Qxd4 Qxd4 18. Rxd4 Bxd5 19. e4 Bc6 20. b4 Nef6 21. Ba6 e5 22. Rd6 Ne8 23. Rd2 Ra8 24. Rc1 Ba4 25. Nf2 Nef6 26. Nd3 Rfd8 27. Nxe5 Nxe5 28. Rxd8+ Rxd8 29. Bxe5 Nd7 30. Bc7 Re8 31. Bd6 Nb8 32. Rc8 Rxc8 33. Bxc8 Nc6 34. Bd7 Nd4 1-0


[Site "https://www.chess.com"]

[Event "Titled Tuesday Blitz March 07 Early 2023"]
[White "Petrosian, Karlen"]
[Black "Mortazavi, Ali"]
[WhiteFideId "4176146"]
[BlackFideId "401323"]
[WhiteElo "2345"]
[BlackElo "2339"]
[Result "0-1"]
[Round "03"]
[TimeControl "180+2"]
[Date "2023.03.07"]
[WhiteClock "0:00:12"]
[BlackClock "0:00:16"]

1. e4 c6 2. Nf3 d5 3. d3 Bg4 4. Be2 e6 5. Nfd2 Bxe2 6. Qxe2 Nf6 7. O-O Be7 8. a4 O-O 9. a5 c5 10. f4 Nc6 11. a6 bxa6 12. Nf3 a5 13. e5 Nd7 14. c3 g6 15. Be3 Rb8 16. Ra2 f6 17. exf6 Bxf6 18. Bf2 Qe7 19. Re1 Rbe8 20. d4 cxd4 21. cxd4 Qb4 22. Qd2 Nb6 23. Nc3 Nc4 24. Qc2 Bg7 25. g3 Nd6 26. Nxd5 exd5 27. Rxe8 Rxe8 28. Qxc6 Qc4 29. Qxc4 dxc4 30. Rxa5 Re2 31. Rxa7 Ne4 32. Ng5 Nxf2 33. Kf1 Rxb2 34. Ra8+ Bf8 35. Ne6 Kf7 36. Nxf8 c3 37. Nxh7 Ne4 38. Ng5+ Nxg5 39. fxg5 c2 40. Rc8 Rb1+ 41. Kg2 c1=Q 42. Rxc1 Rxc1 43. Kf3 Ke6 44. Ke4 Re1+ 45. Kf4 Kd5 46. h4 Re4+ 47. Kf3 Kxd4 48. g4 Re5 49. Kf4 Re4+ 50. Kf3 Ke5 51. h5 gxh5 52. gxh5 Rh4 53. h6 Kf5 0-1


[Site "https://www.chess.com"]

[Event "Titled Tuesday Blitz March 07 Early 2023"]
[White "Nouri, Alekhine"]
[Black "Walentukiewicz, Michal"]
[WhiteFideId "5216184"]
[BlackFideId "1126903"]
[WhiteElo "2151"]
[BlackElo "2028"]
[Result "0-1"]
[Round "03"]
[TimeControl "180+2"]
[Date "2023.03.07"]
[WhiteClock "0:00:02"]
[BlackClock "0:01:38"]

1. e4 c5 2. Nf3 g6 3. d4 Bg7 4. dxc5 Qa5+ 5. Bd2 Qxc5 6. Nc3 Nf6 7. Bd3 O-O 8. O-O Nc6 9. a3 d5 10. b4 Qd6 11. Nb5 Qd8 12. exd5 Nxd5 13. c4 Ndxb4 14. axb4 Qxd3 15. Nc7 Bg4 16. Nxa8 Bxa1 17. Qxa1 Rxa8 18. Bh6 f6 19. Nd2 g5 20. b5 Ne5 21. Bxg5 fxg5 22. Qxe5 Qxd2 23. f4 Be2 24. Qxg5+ Kf8 25. Qf5+ Ke8 26. Rb1 Qe3+ 27. Kh1 Bd3 28. Qh5+ Bg6 0-1


[Site "https://www.chess.com"]

[Event "Titled Tuesday Blitz March 07 Early 2023"]
[White "Rottenwohrer Suarez, Juan"]
[Black "Goltsev, Dmitry"]
[WhiteFideId "32068182"]
[BlackFideId "24176710"]
[WhiteElo "2174"]
[BlackElo "2336"]
[Result "0-1"]
[Round "03"]
[TimeControl "180+2"]
[Date "2023.03.07"]
[WhiteClock "0:00:01"]
[BlackClock "0:01:39"]

1. Nf3 d5 2. g3 c6 3. Bg2 Nf6 4. O-O g6 5. c4 Bg7 6. cxd5 cxd5 7. d4 O-O 8. Nc3 Nc6 9. Ne5 Bf5 10. Bf4 e6 11. Rc1 Nd7 12. Nxc6 bxc6 13. Na4 Rc8 14. Nc5 Nxc5 15. Rxc5 Qe7 16. Ra5 Qb4 17. Rxa7 Qxb2 18. Be3 Ra8 19. Rxa8 Rxa8 20. Qc1 Qxc1 21. Rxc1 Rxa2 22. Rxc6 Ra1+ 23. Rc1 Bxd4 24. Rxa1 Bxa1 25. h4 Be5 26. Kf1 Bd6 27. Bd4 e5 28. Bb2 Be6 29. Ke1 f5 30. Kd2 Kf7 31. e3 Ke7 32. Bf3 Kd7 33. Bg2 Kc6 34. Bc3 Kb5 35. Kd3 e4+ 36. Ke2 Kc4 37. Bd4 Bc5 38. Bxc5 Kxc5 39. Kd2 d4 40. exd4+ Kxd4 41. Bf1 h6 42. Bb5 g5 43. hxg5 hxg5 44. Bc6 Bd5 45. Bd7 Ke5 46. Ke3 Be6 47. Bc6 Bc8 48. Bb5 f4+ 49. gxf4+ gxf4+ 50. Kd2 Kd4 51. Bc6 Be6 52. Ke1 Bd5 53. Bb5 Ke5 54. Ba6 Kd4 55. Bb5 Kc5 56. Ba6 Bc4 57. Bb7 Kd4 58. Ba8 Ke5 59. Bb7 Kd4 60. Ba8 Bd5 61. Bxd5 Kxd5 62. Kd2 Kd4 63. Ke2 Kc3 64. Ke1 Kd3 65. Kd1 f3 66. Ke1 Kc2 67. Kf1 Kd2 68. Kg1 Ke2 0-1


[Site "https://www.chess.com"]